 Dungeon Crawl Stone Soup version 0.25.0-1-g7eea58d2a3 (webtiles) character file.

Game seed: 4524327606199691110

5602 Delamore the Bludgeoner (level 10, -8/56 HPs)
             Began as a Gargoyle Fighter on June 13, 2020.
             Was a Believer of Okawaru.
             Splashed by Erica's acid (13 damage)
             ... on level 8 of the Dungeon.
             The game lasted 00:12:13 (7671 turns).

Delamore the Bludgeoner (Gargoyle Fighter)          Turns: 7671, Time: 00:12:14

Health: -8/56      AC: 25    Str: 24    XL:     10   Next: 73%
Magic:  10/10      EV:  6    Int:  8    God:    Okawaru [**....]
Gold:   542        SH:  0    Dex:  9    Spells: 9/9 levels left

rFire    . . .     SeeInvis +   h - +3 dire flail (drain)
rCold    + . .     Gourm    .   (shield currently unavailable)
rNeg     + . .     Faith    .   d - +1 plate armour {rC+}
rPois    ∞         Spirit   .   (no helmet)
rElec    +         Reflect  .   H - +0 cloak
rCorr    .         Harm     .   z - +0 pair of gloves
MR       .....                  (no boots)
Stlth    ..........             s - amulet of the acrobat
HPRegen  0.18/turn              r - ring of see invisible
MPRegen  0.12/turn              G - +4 ring of protection

@: no status effects
A: claws 1, negative energy resistance 1, electricity resistance, wild magic 1,
unbreathing, petrification resistance, rot immunity, AC +7
a: Heroism, Renounce Religion


You were on level 8 of the Dungeon.
You worshipped Okawaru.
Okawaru was pleased with you.
You were not hungry.

You visited 2 branches of the dungeon, and saw 9 of its levels.
You also visited: Bailey.

You collected 542 gold pieces.

Inventory:

Hand Weapons
 a - a +0 flail
 h - a +3 dire flail of draining (weapon)
 J - the +7 trident of Catz {vorpal, +Inv rF+, unknown}
   (You found it on level 8 of the Dungeon)

   It inflicts extra damage upon your enemies.
   It protects you from fire.
   It lets you turn invisible.
Missiles
 o - 7 javelins (quivered)
Armour
 b - a +0 scale mail
 c - a +0 kite shield
 d - a +1 plate armour of cold resistance (worn)
 m - a +0 cloak
 u - a +0 chain mail
 z - a +0 pair of gloves (worn)
 H - a +0 cloak (worn)
Jewellery
 r - a ring of see invisible (left hand)
 s - an amulet of the acrobat (around neck)
 E - an uncursed amulet of magic regeneration
 G - a +4 ring of protection (right hand)
Wands
 q - a wand of enslavement (6)
 v - a wand of clouds (5)
 w - a wand of polymorph (6)
 A - a wand of acid (9)
Scrolls
 e - a scroll of noise
 i - 2 scrolls of remove curse
 j - 2 scrolls of acquirement {unknown}
 k - 2 scrolls of enchant armour
 n - 3 scrolls of teleportation
 t - a scroll of fear
 y - a scroll of immolation
 B - 2 scrolls of enchant weapon {unknown}
 C - a scroll of amnesia {unknown}
Potions
 g - 2 potions of curing
 l - a potion of lignification
 p - 2 potions of haste
 x - 4 potions of heal wounds
Comestibles
 f - 15 rations
 D - 12 chunks of flesh


   Skills:
 - Level 3.2 Fighting
 + Level 15.0 Maces & Flails
 - Level 3.2 Armour
 - Level 3.2 Shields


You had 9 spell levels left.
You didn't know any spells.
Your spell library was empty.

Dungeon Overview and Level Annotations

Branches:
Dungeon (8/15)             Temple (1/1) D:7          Bailey (visited)
   Lair: D:8-11

Altars:
Ashenzari
Cheibriados
Dithmenos
Elyvilon
Fedhas
Gozag
Hepliaklqana
Kikubaaqudgha
Makhleb
Nemelex Xobeh
Okawaru
Qazlal
Ru
Sif Muna
Trog
Uskayaw
Vehumet
Wu Jian
Xom
Yredelemnul
Zin
The Shining One

Annotations:
D:8 Erica


Innate Abilities, Weirdness & Mutations

You are resistant to torment.
Your stone body is resilient. (AC +7)
You are immune to poison.
You resist negative energy. (rN+)
You are resistant to electric shocks. (rElec)
You can survive without breathing.
You are immune to petrification.
You are immune to rotting.
You have sharp fingernails.
Your spells are a little harder to cast, but a little more powerful.


Message History

You resist.
You struggle against the net.
Erica gestures at you while chanting. You resist with significant effort.
You rip the net and break free!
Erica gestures at you while chanting.
The bolt of poison hits you but does no damage.
You resist.
Evoke which item? (* to show all) (? for menu, Esc to quit)
Aiming: Corrosive Bolt
Press: ? - help, Shift-Dir - straight line, f - Erica
Aim: Erica, wielding a +4 scimitar of flaming, wearing a +0 robe and carrying a wand of acid (10) (moderately wounded, slightly transparent, lightly drained)
The bolt of acid hits Erica!
Erica is splashed with acid.
The acid corrodes Erica!
Erica is severely wounded.
Erica zaps a wand.
The bolt of acid hits you!!
Ouch! That really hurt!
* * * LOW HITPOINT WARNING * * *
You are splashed with acid!
You die...

###.#*,,,*#####*,,,,*
..#.##,,,*#...##....*
#....#,,,,#...##...##
#....#,,,,#...##....#
+....+,,,,#.........#
#.####+#**#...##....#
#.####.####...##....#
.......#...†........#
.......#......>.@5.#######
.......#.........@/##....##
.......#......####[##(....#
.###...###....##...##.....#
.###...###'#####..........#
.....<..#......#......@.Z<#
........#.[....#..........#
>.......#.....##...###...##
.####...##....###'####...##


You could see Erica (invisible, corroded, drained) and a crimson imp.

Vanquished Creatures
  An orc warlord (Bailey)
  Grinder (D:4)
  A hippogriff (D:7)
  5 yaks (D:8)
  Menkaure (D:4)
  Edmund (D:3)
  5 orc warriors
  An ice beast (D:8)
  A sky beast (D:6)
  A phantom (D:3)
  An ogre (D:5)
  A centaur (D:5)
  A necrophage (D:6)
  4 bullfrogs (D:8)
  5 scorpions
  5 killer bees (D:8)
  5 wights (D:6)
  A jelly (D:7)
  3 howler monkeys (D:8)
  A crimson imp (D:6)
  2 quasits
  4 orc priests
  3 hounds
  3 bullfrog skeletons
  2 orc wizards
  Ijyb (D:5)
  4 iguanas
  4 worker ants
  A howler monkey skeleton (D:4)
  12 gnolls
  7 adders
  4 shadow imps
  2 oozes
  An adder skeleton (D:8)
  3 worms
  8 leopard geckos
  16 orcs
  3 giant cockroaches
  8 goblins
  9 hobgoblins
  3 jackals (D:3)
  A quokka (D:2)
  A ball python (D:1)
  6 bats
  3 frilled lizards
  2 goblin skeletons (D:6)
  4 hobgoblin zombies (D:6)
  19 kobolds
  A kobold zombie (D:6)
  2 leopard gecko skeletons
  An orc skeleton (D:6)
  7 rats
192 creatures vanquished.

Notes
Turn   | Place    | Note
-------+----------+-------------------------------------------
     0 | D:1      | Delamore the Gargoyle Fighter began the quest for the Orb.
     0 | D:1      | Reached XP level 1. HP: 14/14 MP: 1/1
   284 | D:1      | Reached XP level 2. HP: 19/19 MP: 2/2
   558 | D:1      | Reached skill level 3 in Maces & Flails
   856 | D:2      | Found a white marble altar of Elyvilon.
   969 | D:2      | Reached XP level 3. HP: 23/23 MP: 3/3
   977 | D:2      | Found an ornate altar of the Wu Jian Council.
  1070 | D:2      | Found a bloodstained altar of Trog.
  1168 | D:2      | Reached skill level 4 in Maces & Flails
  1181 | D:2      | Reached XP level 4. HP: 7/28 MP: 4/4
  2377 | D:3      | Reached skill level 5 in Maces & Flails
  2378 | D:3      | Reached XP level 5. HP: 31/32 MP: 5/5
  2873 | D:4      | Noticed Edmund
  2873 | D:4      | Noticed a phantom
  2932 | D:3      | Killed a phantom
  2932 | D:3      | Reached skill level 6 in Maces & Flails
  2932 | D:3      | Reached XP level 6. HP: 35/37 MP: 6/6
  3012 | D:3      | Killed Edmund
  3153 | D:4      | Found a shimmering altar of Xom.
  3156 | D:4      | Reached skill level 7 in Maces & Flails
  3236 | D:4      | Reached XP level 7. HP: 41/41 MP: 7/7
  3289 | D:4      | Noticed Grinder
  3302 | D:4      | Paralysed by Grinder for 3 turns
  3312 | D:4      | Killed Grinder
  3312 | D:4      | Reached skill level 8 in Maces & Flails
  3539 | D:4      | Noticed Menkaure
  3548 | D:4      | Killed Menkaure
  3750 | D:5      | Entered Level 5 of the Dungeon
  3777 | D:5      | Reached skill level 9 in Maces & Flails
  3777 | D:5      | Reached XP level 8. HP: 35/46 MP: 8/8
  3985 | D:5      | Noticed Ijyb
  4019 | D:5      | Killed Ijyb
  4103 | D:5      | Found a snail-covered altar of Cheibriados.
  4220 | D:5      | Reached skill level 10 in Maces & Flails
  4705 | D:5      | Found an opulent altar of Gozag.
  4925 | D:6      | Found a glowing golden altar of the Shining One.
  4955 | D:6      | Reached skill level 11 in Maces & Flails
  5008 | D:6      | Reached XP level 9. HP: 51/51 MP: 9/9
  5178 | D:6      | Found a burning altar of Makhleb.
  5329 | D:6      | Found a sacrificial altar of Ru.
  5535 | D:7      | Found a radiant altar of Vehumet.
  5771 | D:7      | Reached skill level 12 in Maces & Flails
  5818 | D:7      | Found a shadowy altar of Dithmenos.
  5818 | D:7      | Found a basalt altar of Yredelemnul.
  5829 | D:7      | Found a blossoming altar of Fedhas.
  5833 | D:7      | Found a staircase to the Ecumenical Temple.
  5848 | Temple   | Entered the Ecumenical Temple
  5972 | Temple   | Became a worshipper of Warmaster Okawaru
  6207 | D:8      | Noticed Erica
  6371 | D:8      | Reached skill level 13 in Maces & Flails
  6378 | D:8      | Reached * piety under Okawaru
  6449 | D:8      | Got a steaming trident
  6467 | D:8      | Found a flagged portal.
  6477 | D:8      | Reached XP level 10. HP: 21/56 MP: 10/10
  6484 | Bailey   | Entered a bailey
  6508 | Bailey   | Noticed an orc warlord
  6872 | Bailey   | Found a runed translucent gate.
  6872 | Bailey   | Found a runed translucent gate.
  6872 | Bailey   | Found a runed translucent gate.
  7135 | Bailey   | Gained mutation: Your spells are a little harder to cast,
                  | but a little more powerful. [potion of mutation]
  7135 | Bailey   | Gained mutation: You have sharp fingernails. [potion of
                  | mutation]
  7157 | Bailey   | Killed an orc warlord
  7157 | Bailey   | Reached ** piety under Okawaru
  7157 | Bailey   | Reached skill level 14 in Maces & Flails
  7637 | D:8      | Reached skill level 15 in Maces & Flails
  7671 | D:8      | Splashed by Erica's acid

Illustrated notes

Levels and vault maps discovered:
D:1:      minmay_arrival_jagged, layout_rooms, palyth_stone_intersect,
          interstate_on_off, minmay_tree_intersection, st_stairs_3
D:2:      layout_rooms, old_standard_altar, lemuel_round_altar,
          marbit_many_paths, serial_curves, eino_curves_04, eino_curves_04,
          eino_curves_01, eino_curves_04
D:3:      layout_rooms
D:4:      layout_rooms, kennysheep_mini, first_ration, uniq_grinder,
          uniq_edmund, uniq_menkaure
D:5:      layout_cave_pods, lemuel_doored_altar, lemuel_coloured_pillars_altar,
          uniq_ijyb
D:6:      layout_cave_pools, nicolae_ru_the_path_less_chosen,
          makhleb_grotto_becter, nicolae_tso_besieged_by_evil
D:7:      layout_basic, lemuel_round_altar, fedhas_altar_2,
          chequers_temple_overflow_statue_of_worship, minmay_temple_entry_mist
D:8:      layout_gridville, enter_bailey_7, uniq_erica
Temple:   nicolae_temple_figure_zero

Skill      XL: |  1  2  3  4  5  6  7  8  9 10 |
---------------+-------------------------------+-----
Maces & Flails | 3 4 5 6 7 9 11 13 15 | 15.0
Fighting       | |  3.2
Armour         | |  3.2
Shields        | |  3.2

Action                   |  1- 3 |  4- 6 |  7- 9 | 10-12 || total
-------------------------+-------+-------+-------+-------++-------
Melee: Flail             |   167 |   171 |       |       ||   338
       Dire flail        |       |    18 |   335 |   117 ||   470
       Unarmed           |       |     7 |       |       ||     7
Invok: Heroism           |       |       |       |     1 ||     1
Evoke: Wand              |       |       |       |     1 ||     1
  Use: Scroll            |       |       |     8 |     2 ||    10
       Potion            |       |       |     3 |     5 ||     8
  Eat: Chunk             |     1 |     7 |    10 |     4 ||    22
Armor: Scale mail        |    98 |    96 |       |       ||   194
       Chain mail        |       |     4 |   174 |    54 ||   232
       Skin              |       |       |    61 |     6 ||    67
       Plate armour      |       |       |       |    20 ||    20
Dodge: Dodged            |    62 |    71 |   192 |    86 ||   411
Block: Kite shield       |    87 |    88 |       |       ||   175
